 Dungeon Crawl Stone Soup version 0.21-a0-279-g6037ffb (webtiles) character file.

75 Multipenetrator the Shield-Bearer (level 4, 0/37 HPs)
             Began as a Formicid Fighter on Sept 24, 2017.
             Succumbed to a worker ant's poison
             ... on level 4 of the Dungeon.
             The game lasted 00:04:33 (1964 turns).

Multipenetrator the Shield-Bearer (FoFi)            Turns: 1964, Time: 00:04:34

Health: 0/37       AC:  7    Str: 27    XL:     4   Next: 55%
Magic:  4/4        EV: 13    Int:  8    God:
Gold:   110        SH: 10    Dex: 15    Spells: 3/3 levels left

rFire    . . .     SeeInvis +   a - +0 long sword
rCold    . . .     Gourm    .   c - +0 shield
rNeg     . . .     Faith    .   b - +0 scale mail
rPois    .         Spirit   .   (helmet unavailable)
rElec    .         Reflect  .   (no cloak)
rCorr    .         Harm     .   (no gloves)
MR       .....                  (no boots)
Stlth    +.........             (no amulet)
HPRegen  0.12/turn              g - +6 ring of strength
MPRegen  0.09/turn              (no ring)

@: agile, lethally poisoned (0 -> -26)
A: permanent stasis, dig shafts and tunnels, four strong arms, antennae 3
a: Dig, Shaft Self


You were on level 4 of the Dungeon.
You were hungry.

You visited 1 branch of the dungeon, and saw 4 of its levels.

You collected 110 gold pieces.

Inventory:

Hand Weapons
 a - a +0 long sword (weapon)
Missiles
 h - a throwing net (quivered)
Armour
 b - a +0 scale mail (worn)
 c - a +0 shield (worn)
Jewellery
 g - a +6 ring of strength (left hand)
Wands
 q - a wand of iceblast (8/15)
 w - a wand of flame (38/48)
Scrolls
 i - 2 scrolls of magic mapping {unknown}
 k - 5 scrolls of teleportation {unknown}
 l - a scroll of recharging {unknown}
 m - 4 scrolls of identify {unknown}
 n - 2 scrolls of random uselessness {unknown}
 o - a scroll of immolation {unknown}
 r - a scroll of remove curse {unknown}
 t - a scroll of enchant armour {unknown}
 v - a scroll of amnesia {unknown}
Potions
 d - 2 potions of might
 e - a potion of agility
 s - a potion of lignification {unknown}
 u - a potion of curing {unknown}
Comestibles
 f - 5 bread rations
 j - 2 meat rations


   Skills:
 + Level 3.8 Fighting
 + Level 3.0 Long Blades
 + Level 3.8 Armour
 + Level 0.5 Dodging
 + Level 4.2 Shields


You had 3 spell levels left.
You didn't know any spells.

Dungeon Overview and Level Annotations

Branches:
Dungeon (4/15)
 Temple: D:4-7

Altars:
Fedhas
Qazlal


Innate Abilities, Weirdness & Mutations

You cannot be hasted, slowed, berserked, paralysed or teleported.
You can dig through walls and to a lower floor.
Your four strong arms can wield two-handed weapons with a shield.
You have a pair of large antennae on your head. (SInv)


Message History

The worker ant is almost dead.
The worker ant barely misses you.
You hit the worker ant but do no damage.
The worker ant is almost dead.
* * * LOW HITPOINT WARNING * * *
You feel sick. The worker ant bites you.
* * * LOW HITPOINT WARNING * * *
You are more poisoned.
The worker ant poisons you! The worker ant bites you.
* * * LOW HITPOINT WARNING * * *
You are more poisoned.
The worker ant poisons you!
It was a potion of agility.
You feel agile all of a sudden.
* * * LOW HITPOINT WARNING * * *
You feel sick.
The worker ant bites you but does no damage.
It was a potion of haste.
Your stasis prevents you from being hasted.
You die...

#########
#.......#
#.......#####..
#...........<..
#......@a......
#####'##.......
#.....#.......
#.....########
#............#
#............#
#.......(....#
#............#
#............#


You could see a worker ant.

Vanquished Creatures
  An adder (D:2)
  An ooze (D:2)
  A dart slug (D:3)
  A leopard gecko (D:3)
  5 orcs (D:3)
  4 bats
  3 giant cockroaches
  7 goblins
  5 hobgoblins
  4 jackals (D:1)
  A quokka (D:3)
  3 frilled lizards
  6 kobolds
  7 rats
49 creatures vanquished.

Notes
Turn   | Place    | Note
-------+----------+-------------------------------------------
     0 | D:1      | Multipenetrator the Formicid Fighter began the quest for the Orb.
     0 | D:1      | Reached XP level 1. HP: 18/18 MP: 1/1
   102 | D:1      | Reached XP level 2. HP: 23/24 MP: 2/2
   165 | D:1      | Reached skill level 4 in Shields
   360 | D:1      | Reached XP level 3. HP: 25/29 MP: 3/3
   836 | D:2      | Reached XP level 4. HP: 31/37 MP: 4/4
   903 | D:2      | Found a stormy altar of Qazlal.
  1393 | D:3      | Found a blossoming altar of Fedhas.
  1964 | D:4      | Succumbed to a worker ant's poison

Vault maps used:
D:1:      wheals_arrival_shading
D:2:      first_bread, roderic_malta_cross, nicolae_qazlal_general_emergency
D:3:      fedhas_altar_1

Skill      XL: |  1  2  3  4 |
---------------+-------------+-----
Shields        | 4 |  4.2
Long Blades    | 3 |  3.0
Fighting       | |  3.8
Armour         | |  3.8
Dodging        | |  0.5

Action                   |  1- 3 |  4- 6 || total
-------------------------+-------+-------++-------
Melee: Long sword        |    76 |    69 ||   145
  Use: Potion            |       |     2 ||     2
  Eat: Chunk             |       |     3 ||     3
Armor: Scale mail        |    31 |    16 ||    47
Dodge: Dodged            |    24 |    19 ||    43
Block: Shield            |    29 |    40 ||    69
       Rpst.: Long sword |     7 |     8 ||    15

Table legend:
 A = Spawn XP
 B = Non-spawn XP
 C = Spawn XP percentage of total XP
 D = Spawn monster count
 E = Non-spawn monster count
 F = Spawn count percentage of total count
 G = Total turns spent on level
                    A         B        C        D         E        F      G
               +---------+---------+-------+---------+---------+-------+---------
         Total |       0 |     108 |   0.0 |       0 |      49 |   0.0 |  1964
               +---------+---------+-------+---------+---------+-------+---------
           D:1 |       0 |      44 |   0.0 |       0 |      26 |   0.0 |   673
           D:2 |       0 |      29 |   0.0 |       0 |       7 |   0.0 |   649
           D:3 |       0 |      35 |   0.0 |       0 |      16 |   0.0 |   548
               +---------+---------+-------+---------+---------+-------+---------
